 Dungeon Sprint DCSS version 0.27-a0-29-g2d0a2396b0 (webtiles) character file.

Game seed: 12682302843822568471

3979 iamoutofideas the Eclecticist (level 10, 0/50 HPs)
             Began as a Deep Elf Fire Elementalist on Dec 2, 2020.
             Was an Elder of Vehumet.
             Succumbed to a death drake's foul vapour
             ... in the Dungeon (Sprint III: "The Ten Rune Challenge") on Jan 4, 2021.
             The game lasted 00:08:10 (2307 turns).

iamoutofideas the Eclecticist (DEFE)                Turns: 2307, Time: 00:08:11

Health: 0/50       AC:  4    Str:  7    XL:     10   Next: 2%
Magic:  25/33      EV: 14    Int: 24    God:    Vehumet [****..]
Gold:   67         SH:  0    Dex: 15    Spells: 24/43 levels left

rFire    . . .     SeeInvis .   (no weapon)
rCold    . . .     Faith    .   (no shield)
rNeg     . . .     Spirit   .   a - +0 robe
rPois    .         Reflect  .   (no helmet)
rElec    .         Harm     .   (no cloak)
rCorr    .         Rampage  .   (no gloves)
Will     +....     NoTele   +   (no boots)
Stlth    ++........             (no amulet)
HPRegen  0.16/turn              (no ring)
MPRegen  0.23/turn              (no ring)

@: lethally poisoned (0 -> -86), slowed, very slow
A: icy blue scales 1, strong 1
a: Renounce Religion


You were in the Dungeon.
You worshipped Vehumet.
Vehumet was greatly pleased with you.
You visited 1 branch You collected 67 gold pieces.

Inventory:

Armour
 a - a +0 robe (worn)
Jewellery
 q - a +6 ring of dexterity {unknown}
Wands
 o - a wand of paralysis (8)
Scrolls
 b - 2 scrolls of random uselessness {unknown}
 h - a scroll of blinking
 j - 2 scrolls of holy word {unknown}
 k - 5 scrolls of identify
 l - 6 scrolls of remove curse {unknown}
 p - a scroll of magic mapping {unknown}
Potions
 c - 2 potions of curing
 d - a potion of heal wounds
 e - 2 potions of haste
 f - 2 potions of magic
 g - 3 potions of berserk rage
 i - 2 potions of mutation
 m - 4 potions of flight
 n - 4 potions of might


   Skills:
 + Level 4.1 Dodging
 - Level 2.8 Stealth
 + Level 17.3 Spellcasting
 + Level 12.9 Conjurations
 + Level 15.0 Fire Magic


You had 24 spell levels left.
You knew the following spells:

 Your Spells              Type           Power        Failure   Level
a - Foxfire               Conj/Fire      100%         0%          1
b - Conjure Flame         Conj/Fire      73%          0%          3
c - Sticky Flame          Conj/Fire      73%          1%          4
d - Fireball              Conj/Fire      36%          1%          5
e - Ignite Poison         Fire/Tmut/Pois 44%          1%          3
f - Frozen Ramparts       Ice            40%          2%          3

Your spell library contained the following spells:

 Spells                   Type           Power        Failure   Level
 Iskenderun's Battlesphe  Conj           70%          1%          5
 Inner Flame              Hex/Fire       54%          1%          3
 Animate Skeleton         Necr           40%          2%          1
 Apportation              Tloc           40%          2%          1
 Corona                   Hex            22%          2%          1
 Summon Small Mammal      Summ           80%          2%          1


Dungeon Overview and Level Annotations

Branches:
Dungeon (1/1)

Altars:
Cheibriados
Dithmenos
Elyvilon
Fedhas
Gozag
Hepliaklqana
Kikubaaqudgha
Makhleb
Nemelex Xobeh
Okawaru
Qazlal
Ru
Sif Muna
Trog
Uskayaw
Vehumet
Wu Jian
Xom
Yredelemnul
Zin
The Shining One
Beogh
Jiyva
Lugonu


Innate Abilities, Weirdness & Mutations

You are partially covered in icy blue scales. (AC +2)
Your muscles are strong. (Str +2)


Message History

Casting: Fireball (safe; 1% risk of failure)
Confirm with . or Enter, or press ? or * to list all spells.
Aiming: Fireball (safe; 1% risk of failure)
Press: ? - help, Shift-Dir - straight line, f - death drake
Aim: a death drake (lightly wounded, catching its breath)
The fireball explodes!
The fireball engulfs the death drake!!
The death drake is severely wounded.
You are engulfed in dark miasma.
You are more poisoned.
You feel as though you will be slow longer.
You feel extremely sick. The death drake breathes miasma at you.
The foul vapour engulfs you!
You are more poisoned.
* * * LOW HITPOINT WARNING * * *
Okay, then.
Blink to where?
Press: ? - help, Dir - move target, p - death drake
As you read the scroll of blinking, it crumbles to dust.
You die...

'#
.#+#####################
.#.§§§§'.#()...'.#.#.#.+
.#.#§§≈#.#.#)..##.#.#.#
.'.#.§.#.#.#...#.#.#.#
.#.#.§§#...#)..##.#.#
▓▓▓▓▓▓▓▓▓▓▓▓▓▓▓#.#.#.#
≈........≈≈≈...##.#.#.#
≈≈≈≈≈≈≈≈≈≈≈♣♣..'@#.#.#.#
♣♣♣♣♣....♣♣♣...##.#.#.##
♣.♣..♣♣ ♣♣..# +#####
♣♣♣♣♣♣♣♣♣...#
#≈≈≈≈≈≈°§#)}#
#≈≈≈≈≈...#|(#
#+§§†≈○####+# #≈≈.k°
#≈.§+#


There were no monsters in sight!

Vanquished Creatures
  Snorg (D)
  A centaur warrior (D)
  An unseen horror (D)
  A deep elf mage (D)
  3 wandering mushrooms (D)
  A shadow (D)
  2 centaurs (D)
  A necrophage (D)
  A water elemental (D)
  An electric eel (D)
  A jelly (D)
  A wizard (D)
  A necromancer (D)
  3 polar bear simulacra (D)
  A wolf simulacrum (D)
  3 humans (D)
  A kobold demonologist (D)
  A wolf (D)
  2 oozes (D)
  2 rats (D)
29 creatures vanquished.

Vanquished Creatures (others)
  2 hydras (D)
  A ballistomycete spore (D)
  60 foxfires (D)
  5 plants (D)
68 creatures vanquished.

Grand Total: 97 creatures vanquished

Notes
Turn   | Place    | Note
-------+----------+-------------------------------------------
     0 | D        | iamoutofideas the Deep Elf Fire Elementalist began the
                  | quest for the Orb.
     0 | D        | Reached XP level 1. HP: 10/10 MP: 6/6
    45 | D        | Reached XP level 2. HP: 2/15 MP: 0/8
   305 | D        | Upgraded the game from 0.26-a0-958-gf3041fb45f to
                  | 0.27-a0-29-g2d0a2396b0
   329 | D        | Reached skill level 4 in Spellcasting
   423 | D        | Reached skill level 5 in Spellcasting
   423 | D        | Reached skill level 5 in Fire Magic
   423 | D        | Reached XP level 3. HP: 18/19 MP: 2/11
   512 | D        | Learned a level 3 spell: Conjure Flame
   554 | D        | Noticed a water elemental
   570 | D        | Killed a water elemental
   571 | D        | Reached skill level 7 in Spellcasting
   571 | D        | Reached XP level 4. HP: 24/24 MP: 8/15
   579 | D        | Learned a level 4 spell: Sticky Flame
   620 | D        | Gained mutation: You are partially covered in icy blue
                  | scales. (AC +2) [potion of mutation]
   620 | D        | Gained mutation: Your muscles are strong. (Str +2) [potion
                  | of mutation]
   640 | D        | Found a basalt altar of Yredelemnul.
   640 | D        | Found a shadowy altar of Dithmenos.
   640 | D        | Found a sacrificial altar of Ru.
   640 | D        | Noticed a necrophage
   644 | D        | Killed a necrophage
   645 | D        | Reached skill level 8 in Spellcasting
   645 | D        | Reached XP level 5. HP: 28/28 MP: 12/18
   650 | D        | Reached skill level 9 in Spellcasting
   705 | D        | Learned a level 5 spell: Fireball
   717 | D        | Found a radiant altar of Vehumet.
   717 | D        | Found a shimmering blue altar of Sif Muna.
   717 | D        | Found an ancient bone altar of Kikubaaqudgha.
   720 | D        | Reached skill level 5 in Conjurations
   720 | D        | Reached skill level 10 in Fire Magic
   727 | D        | Became a worshipper of Vehumet
   830 | D        | Found a glowing silver altar of Zin.
   830 | D        | Found a glowing golden altar of the Shining One.
   830 | D        | Found a white marble altar of Elyvilon.
   832 | D        | Noticed a deep elf mage
   833 | D        | Killed a deep elf mage
   834 | D        | Reached skill level 12 in Spellcasting
   834 | D        | Reached XP level 6. HP: 32/32 MP: 4/23
   834 | D        | Reached XP level 7. HP: 36/36 MP: 4/24
   940 | D        | Found a hide-covered altar of Uskayaw.
   940 | D        | Found a roughly hewn altar of Beogh.
   940 | D        | Found an iron altar of Okawaru.
   940 | D        | Found a bloodstained altar of Trog.
   940 | D        | Found an ornate altar of the Wu Jian Council.
   940 | D        | Noticed a human
   942 | D        | Killed a human
   943 | D        | Killed a human
   943 | D        | Reached * piety under Vehumet
   943 | D        | Offered knowledge of Shock by Vehumet.
   944 | D        | Reached skill level 13 in Spellcasting
  1030 | D        | Noticed a shadow
  1032 | D        | Killed a shadow
  1033 | D        | Reached XP level 8. HP: 41/41 MP: 16/27
  1156 | D        | Found a blossoming altar of Fedhas.
  1156 | D        | Found a stormy altar of Qazlal.
  1156 | D        | Found a snail-covered altar of Cheibriados.
  1156 | D        | Found a burning altar of Makhleb.
  1156 | D        | Found a shimmering altar of Xom.
  1157 | D        | Found a hazy altar of Hepliaklqana.
  1157 | D        | Found an opulent altar of Gozag.
  1157 | D        | Found a sparkling altar of Nemelex Xobeh.
  1157 | D        | Found a corrupted altar of Lugonu.
  1157 | D        | Found a viscous altar of Jiyva.
  1203 | D        | Noticed Snorg
  1208 | D        | Killed Snorg
  1208 | D        | Reached ** piety under Vehumet
  1208 | D        | Offered knowledge of Sandblast by Vehumet.
  1209 | D        | Reached skill level 15 in Spellcasting
  1209 | D        | Reached skill level 10 in Conjurations
  1744 | D        | Noticed a centaur warrior
  1745 | D        | Reached XP level 9. HP: 45/45 MP: 26/30
  1748 | D        | Killed a centaur warrior
  1748 | D        | Offered knowledge of Ignite Poison by Vehumet.
  1749 | D        | Reached skill level 16 in Spellcasting
  1977 | D        | Learned a level 3 spell: Ignite Poison
  1987 | D        | Killed an unseen horror
  1987 | D        | Reached *** piety under Vehumet
  2050 | D        | Noticed a wandering mushroom
  2056 | D        | Killed a wandering mushroom
  2060 | D        | Noticed a wandering mushroom
  2071 | D        | Killed a wandering mushroom
  2071 | D        | Offered knowledge of Frozen Ramparts by Vehumet.
  2072 | D        | Reached skill level 17 in Spellcasting
  2086 | D        | Killed an eight-headed hydra
  2138 | D        | Killed a five-headed hydra
  2150 | D        | Noticed a wandering mushroom
  2153 | D        | Killed a wandering mushroom
  2154 | D        | Reached skill level 15 in Fire Magic
  2196 | D        | Learned a level 3 spell: Frozen Ramparts
  2204 | D        | Reached **** piety under Vehumet
  2204 | D        | Offered knowledge of Iskenderun's Battlesphere by Vehumet.
  2205 | D        | Reached XP level 10. HP: 50/50 MP: 33/33
  2302 | D        | Noticed a death drake
  2307 | D        | Succumbed to a death drake's foul vapour

Illustrated notes

Levels and vault maps discovered:
D:        dungeon_sprint_mu [sprint_mu_entry_forest, sprint_mu_temple_rooms,
          sprint_mu_d1_horrors, sprint_mu_d2_genie, sprint_mu_d3_branching,
          sprint_mu_orc_legion, sprint_mu_elf_gauntlet, sprint_mu_hive_nellie,
          sprint_mu_lair_fedhas, sprint_mu_vaults_butterflies,
          sprint_mu_slime_circle, sprint_mu_swamp_cave, sprint_mu_shoals_archi,
          sprint_mu_blade_basic, sprint_mu_crypt_fortress,
          sprint_mu_tomb_spiral, sprint_mu_vestibule_basic,
          sprint_mu_gehenna_hellfire, sprint_mu_dis_giant,
          sprint_mu_tartarus_statrot, sprint_mu_cocytus_islands, sprint_mu_zot1]

Skill      XL: |  1  2  3  4  5  6  7  8  9 |
---------------+----------------------------+-----
Fire Magic     | 4 5 7 9 12 13 15 | 15.0
Dodging        | 3 4 |  4.1
Spellcasting   | 5 7 8 12 13 15 17 | 17.3
Conjurations   | 2 3 4 7 8 10 12 | 12.9
Stealth        | |  2.8

Action                   |  1- 3 |  4- 6 |  7- 9 | 10-12 || total
-------------------------+-------+-------+-------+-------++-------
Melee: Unarmed           |     4 |     1 |     3 |       ||     8
 Cast: Foxfire           |    35 |     7 |       |       ||    42
       Fireball          |       |     4 |    24 |     2 ||    30
       Sticky Flame      |       |       |     4 |       ||     4
       Conjure Flame     |       |       |     1 |       ||     1
  Use: Potion            |       |     1 |       |       ||     1
       Scroll            |       |       |       |     1 ||     1
Armor: Robe              |     5 |       |     2 |       ||     7
Dodge: Dodged            |    28 |     3 |     4 |     1 ||    36

Table legend: (Time is in decaauts)
 A = Elapsed time spent in this place.
 B = Non-inter-level travel time spent in this place.
 C = Inter-level travel time spent in this place.
 D = Time resting spent in this place.
 E = Time spent auto-exploring this place.
 F = Levels seen in this place.
 G = Mean time per level.
                   A        B        C        D        E       F      G
               +--------+--------+--------+--------+--------+-----+--------+
         Total |   2327 |   2296 |     31 |   1688 |      1 |   1 | 2327.0 |
       Dungeon |   2327 |   2296 |     31 |   1688 |      1 |   1 | 2327.0 |
               +--------+--------+--------+--------+--------+-----+--------+

Top non-repeatable levels by time:
       D: 2327 daAuts
